Unix NetHack Version 3.7.0-66 Work-in-progress - last build Dec 26 2022 05:50:31 (55254d10815e23f0e7c0ebc937178fe17f3ffff8,branch:master).

Game began 2023-01-09 05:09:46, ended 2023-01-11 17:09:09.

Kontroller, lawful male human Knight

  
unexplored area
unexplored area
unexplored area
unexplored area
unexplored area
unexplored area
unexplored area
unexplored area
unexplored area
unexplored area
unexplored area
unexplored area
unexplored area
unexplored area
unexplored area
stone
stone
stone
unexplored area
unexplored area
unexplored area
unexplored area
unexplored area
unexplored area
unexplored area
unexplored area
unexplored area
unexplored area
unexplored area
unexplored area
unexplored area
unexplored area
unexplored area
unexplored area
unexplored area
unexplored area
unexplored area
unexplored area
unexplored area
unexplored area
unexplored area
unexplored area
unexplored area
unexplored area
unexplored area
unexplored area
unexplored area
unexplored area
unexplored area
unexplored area
unexplored area
unexplored area
unexplored area
unexplored area
unexplored area
unexplored area
unexplored area
unexplored area
unexplored area
unexplored area
unexplored area
unexplored area
unexplored area
unexplored area
unexplored area
unexplored area
unexplored area
unexplored area
unexplored area
unexplored area
unexplored area
unexplored area
unexplored area
unexplored area
unexplored area
unexplored area
unexplored area
unexplored area
unexplored area
unexplored area
unexplored area
unexplored area
unexplored area
unexplored area
unexplored area
unexplored area
unexplored area
unexplored area
unexplored area
unexplored area
unexplored area
unexplored area
unexplored area
unexplored area
stone
corridor
stone
unexplored area
unexplored area
unexplored area
unexplored area
unexplored area
unexplored area
unexplored area
unexplored area
unexplored area
unexplored area
unexplored area
unexplored area
unexplored area
unexplored area
unexplored area
unexplored area
unexplored area
unexplored area
unexplored area
unexplored area
unexplored area
unexplored area
unexplored area
unexplored area
unexplored area
unexplored area
unexplored area
unexplored area
unexplored area
stone
wall
wall
wall
wall
wall
wall
wall
wall
wall
stone
stone
unexplored area
unexplored area
unexplored area
unexplored area
unexplored area
unexplored area
unexplored area
unexplored area
unexplored area
unexplored area
unexplored area
unexplored area
unexplored area
unexplored area
unexplored area
unexplored area
unexplored area
unexplored area
unexplored area
unexplored area
unexplored area
unexplored area
unexplored area
unexplored area
unexplored area
unexplored area
unexplored area
unexplored area
unexplored area
unexplored area
unexplored area
unexplored area
wall
wall
wall
wall
.doorway
wall
wall
wall
wall
wall
wall
wall
wall
wall
unexplored area
unexplored area
unexplored area
unexplored area
unexplored area
unexplored area
unexplored area
unexplored area
unexplored area
unexplored area
unexplored area
unexplored area
unexplored area
unexplored area
unexplored area
unexplored area
unexplored area
unexplored area
unexplored area
unexplored area
unexplored area
corridor
@lieutenant
.dark part of a room
<staircase up
.dark part of a room
.dark part of a room
.dark part of a room
.dark part of a room
.dark part of a room
.doorway
corridor
stone
stone
stone
stone
stone
wall
wall
wall
wall
wall
wall
wall
wall
wall
wall
wall
wall
wall
wall
wall
unexplored area
unexplored area
unexplored area
unexplored area
unexplored area
unexplored area
unexplored area
unexplored area
unexplored area
unexplored area
unexplored area
unexplored area
unexplored area
wall
.dark part of a room
.dark part of a room
.dark part of a room
.dark part of a room
.dark part of a room
.dark part of a room
.dark part of a room
.dark part of a room
.dark part of a room
.dark part of a room
.dark part of a room
.dark part of a room
wall
unexplored area
unexplored area
unexplored area
unexplored area
unexplored area
unexplored area
unexplored area
unexplored area
unexplored area
unexplored area
unexplored area
unexplored area
unexplored area
unexplored area
unexplored area
unexplored area
unexplored area
unexplored area
unexplored area
unexplored area
unexplored area
unexplored area
wall
.dark part of a room
.dark part of a room
.dark part of a room
.dark part of a room
^spiked pit
.dark part of a room
.dark part of a room
wall
corridor
corridor
corridor
corridor
corridor
corridor
.doorway
.dark part of a room
.dark part of a room
.dark part of a room
.dark part of a room
.dark part of a room
.dark part of a room
.dark part of a room
.dark part of a room
.dark part of a room
.dark part of a room
.dark part of a room
.dark part of a room
.dark part of a room
wall
unexplored area
unexplored area
unexplored area
unexplored area
unexplored area
unexplored area
unexplored area
unexplored area
unexplored area
unexplored area
unexplored area
unexplored area
unexplored area
wall
.dark part of a room
.dark part of a room
.dark part of a room
.dark part of a room
|grave
|grave
|grave
.dark part of a room
.dark part of a room
.dark part of a room
.dark part of a room
(a large box
wall
unexplored area
unexplored area
unexplored area
unexplored area
unexplored area
unexplored area
unexplored area
unexplored area
unexplored area
unexplored area
unexplored area
unexplored area
unexplored area
unexplored area
unexplored area
unexplored area
unexplored area
unexplored area
unexplored area
unexplored area
unexplored area
unexplored area
wall
.dark part of a room
.dark part of a room
.dark part of a room
.dark part of a room
.dark part of a room
.dark part of a room
.dark part of a room
.doorway
corridor
stone
stone
stone
stone
stone
wall
.dark part of a room
.dark part of a room
.dark part of a room
.dark part of a room
.dark part of a room
.dark part of a room
.dark part of a room
.dark part of a room
.dark part of a room
.dark part of a room
.dark part of a room
.dark part of a room
[a banded mail
wall
unexplored area
unexplored area
unexplored area
unexplored area
unexplored area
unexplored area
unexplored area
unexplored area
unexplored area
unexplored area
unexplored area
unexplored area
unexplored area
wall
|grave
Dyellow dragon
&barbed devil
Ycarnivorous ape, holding you
|grave
(an empty unlocked chest
.dark part of a room
.dark part of a room
|grave
.dark part of a room
|grave
(a large box
wall
unexplored area
unexplored area
unexplored area
unexplored area
unexplored area
unexplored area
unexplored area
unexplored area
unexplored area
unexplored area
unexplored area
unexplored area
unexplored area
unexplored area
nwater nymph
unexplored area
unexplored area
unexplored area
unexplored area
unexplored area
unexplored area
unexplored area
wall
wall
wall
wall
wall
wall
wall
wall
wall
corridor
corridor
stone
unexplored area
unexplored area
unexplored area
wall
.dark part of a room
.dark part of a room
.dark part of a room
.dark part of a room
.dark part of a room
.dark part of a room
.dark part of a room
.dark part of a room
.dark part of a room
.dark part of a room
.dark part of a room
.dark part of a room
.dark part of a room
wall
unexplored area
unexplored area
unexplored area
unexplored area
unexplored area
unexplored area
unexplored area
unexplored area
unexplored area
unexplored area
unexplored area
unexplored area
unexplored area
wall
&barbed devil
.unseen creature
@human knight called Kontroller
Linvisible demilich
|grave
)2 poisoned darts
|grave
.dark part of a room
.dark part of a room
.dark part of a room
.dark part of a room
.dark part of a room
.doorway
unexplored area
unexplored area
unexplored area
unexplored area
unexplored area
unexplored area
unexplored area
unexplored area
unexplored area
unexplored area
unexplored area
unexplored area
unexplored area
unexplored area
unexplored area
unexplored area
unexplored area
unexplored area
unexplored area
unexplored area
unexplored area
unexplored area
unexplored area
unexplored area
unexplored area
unexplored area
unexplored area
unexplored area
unexplored area
unexplored area
stone
stone
corridor
corridor
stone
unexplored area
unexplored area
wall
wall
wall
wall
wall
wall
wall
wall
wall
wall
wall
wall
wall
wall
wall
unexplored area
unexplored area
unexplored area
unexplored area
unexplored area
unexplored area
unexplored area
unexplored area
unexplored area
unexplored area
unexplored area
unexplored area
unexplored area
wall
wall
wall
wall
fdisplacer beast
^hole
wall
wall
wall
wall
wall
wall
wall
wall
unexplored area
unexplored area
unexplored area
unexplored area
unexplored area
unexplored area
unexplored area
unexplored area
unexplored area
unexplored area
unexplored area
unexplored area
unexplored area
unexplored area
unexplored area
unexplored area
unexplored area
unexplored area
unexplored area
unexplored area
unexplored area
unexplored area
unexplored area
unexplored area
unexplored area
unexplored area
unexplored area
unexplored area
unexplored area
unexplored area
unexplored area
stone
stone
corridor
stone
unexplored area
unexplored area
unexplored area
unexplored area
unexplored area
unexplored area
unexplored area
unexplored area
unexplored area
unexplored area
unexplored area
unexplored area
unexplored area
unexplored area
unexplored area
unexplored area
unexplored area
unexplored area
unexplored area
unexplored area
unexplored area
unexplored area
unexplored area
unexplored area
unexplored area
unexplored area
unexplored area
unexplored area
unexplored area
unexplored area
unexplored area
unexplored area
unexplored area
stone
unseen creature
corridor
stone
unexplored area
unexplored area
unexplored area
unexplored area
unexplored area
unexplored area
unexplored area
unexplored area
unexplored area
unexplored area
unexplored area
unexplored area
unexplored area
unexplored area
unexplored area
unexplored area
unexplored area
unexplored area
unexplored area
unexplored area
unexplored area
unexplored area
unexplored area
unexplored area
unexplored area
unexplored area
unexplored area
unexplored area
unexplored area
unexplored area
unexplored area
unexplored area
unexplored area
unexplored area
unexplored area
unexplored area
unexplored area
unexplored area
unexplored area
stone
corridor
stone
stone
unexplored area
unexplored area
unexplored area
unexplored area
unexplored area
unexplored area
unexplored area
unexplored area
unexplored area
unexplored area
unexplored area
unexplored area
unexplored area
unexplored area
unexplored area
unexplored area
unexplored area
unexplored area
unexplored area
unexplored area
unexplored area
unexplored area
unexplored area
unexplored area
unexplored area
unexplored area
unexplored area
unexplored area
unexplored area
stone
stone
stone
stone
corridor
stone
stone
unexplored area
unexplored area
unexplored area
unexplored area
unexplored area
unexplored area
unexplored area
unexplored area
unexplored area
unexplored area
unexplored area
unexplored area
unexplored area
unexplored area
unexplored area
unexplored area
unexplored area
unexplored area
unexplored area
unexplored area
unexplored area
unexplored area
unexplored area
unexplored area
unexplored area
unexplored area
unexplored area
unexplored area
unexplored area
unexplored area
unexplored area
unexplored area
unexplored area
unexplored area
unexplored area
unexplored area
unexplored area
unexplored area
stone
stone
corridor
corridor
stone
stone
stone
stone
stone
stone
corridor
stone
unexplored area
unexplored area
unexplored area
unexplored area
unexplored area
unexplored area
unexplored area
unexplored area
unexplored area
unexplored area
unexplored area
unexplored area
unexplored area
unexplored area
unexplored area
unexplored area
unexplored area
unexplored area
unexplored area
unexplored area
unexplored area
unexplored area
stone
corridor
%a gremlin corpse
%a rust monster corpse
corridor
stone
unexplored area
unexplored area
unexplored area
unexplored area
unexplored area
unexplored area
unexplored area
unexplored area
unexplored area
unexplored area
unexplored area
unexplored area
unexplored area
unexplored area
unexplored area
unexplored area
unexplored area
unexplored area
unexplored area
stone
corridor
unexplored area
unexplored area
unexplored area
unexplored area
unexplored area
unexplored area
unexplored area
unexplored area
unexplored area
unexplored area
unexplored area
unexplored area
unexplored area
unexplored area
unexplored area
unexplored area
unexplored area
stone
stone
corridor
corridor
corridor
corridor
corridor
corridor
corridor
corridor
stone
corridor
stone
unexplored area
unexplored area
unexplored area
unexplored area
unexplored area
unexplored area
unexplored area
unexplored area
unexplored area
unexplored area
unexplored area
unexplored area
unexplored area
unexplored area
unexplored area
unexplored area
unexplored area
unexplored area
unexplored area
unexplored area
unexplored area
unexplored area
stone
corridor
stone
stone
stone
stone
unexplored area
unexplored area
unexplored area
unexplored area
unexplored area
unexplored area
unexplored area
unexplored area
unexplored area
unexplored area
unexplored area
unexplored area
unexplored area
unexplored area
unexplored area
unexplored area
unexplored area
unexplored area
unexplored area
stone
corridor
wall
wall
wall
wall
wall
wall
wall
wall
wall
unexplored area
unexplored area
unexplored area
unexplored area
unexplored area
unexplored area
unexplored area
unexplored area
corridor
corridor
stone
stone
corridor
stone
wall
wall
wall
.doorway
wall
.doorway
wall
wall
wall
wall
wall
unexplored area
unexplored area
unexplored area
unexplored area
unexplored area
unexplored area
unexplored area
unexplored area
unexplored area
unexplored area
unexplored area
unexplored area
wall
wall
wall
wall
wall
wall
wall
.doorway
wall
wall
stone
stone
stone
unexplored area
unexplored area
unexplored area
unexplored area
unexplored area
unexplored area
unexplored area
unexplored area
unexplored area
unexplored area
unexplored area
unexplored area
unexplored area
unexplored area
unexplored area
unexplored area
unexplored area
unexplored area
stone
corridor
wall
.dark part of a room
.dark part of a room
.dark part of a room
.dark part of a room
.dark part of a room
.dark part of a room
Nred naga
.doorway
unexplored area
unexplored area
unexplored area
unexplored area
unexplored area
unexplored area
unexplored area
stone
stone
corridor
corridor
corridor
corridor
.doorway
.dark part of a room
.dark part of a room
.dark part of a room
.dark part of a room
.dark part of a room
[a pair of low boots
.dark part of a room
.dark part of a room
.dark part of a room
.dark part of a room
wall
unexplored area
unexplored area
unexplored area
unexplored area
unexplored area
unexplored area
unexplored area
unexplored area
unexplored area
unexplored area
unexplored area
unexplored area
wall
.dark part of a room
.dark part of a room
/a wand
.dark part of a room
.dark part of a room
.dark part of a room
.dark part of a room
.dark part of a room
.doorway
corridor
corridor
corridor
unexplored area
unexplored area
unexplored area
unexplored area
unexplored area
unexplored area
unexplored area
unexplored area
unexplored area
unexplored area
unexplored area
unexplored area
unexplored area
unexplored area
unexplored area
unexplored area
unexplored area
unexplored area
stone
corridor
.doorway
.dark part of a room
.dark part of a room
^bear trap
.dark part of a room
.dark part of a room
.dark part of a room
.dark part of a room
wall
stone
stone
stone
stone
stone
stone
stone
stone
corridor
corridor
corridor
corridor
corridor
wall
.dark part of a room
.dark part of a room
.dark part of a room
.dark part of a room
.dark part of a room
.dark part of a room
.dark part of a room
.dark part of a room
.dark part of a room
.dark part of a room
wall
unexplored area
unexplored area
unexplored area
unexplored area
unexplored area
unexplored area
unexplored area
unexplored area
unexplored area
unexplored area
unexplored area
unexplored area
wall
.dark part of a room
.dark part of a room
.dark part of a room
.dark part of a room
.dark part of a room
.dark part of a room
.dark part of a room
.dark part of a room
wall
stone
stone
stone
unexplored area
unexplored area
unexplored area
stone
stone
stone
stone
stone
stone
stone
stone
stone
stone
stone
stone
stone
stone
stone
stone
corridor
wall
.dark part of a room
.dark part of a room
.dark part of a room
.dark part of a room
.dark part of a room
.dark part of a room
.dark part of a room
.doorway
corridor
corridor
corridor
corridor
corridor
corridor
corridor
corridor
corridor
stone
stone
stone
corridor
.doorway
.dark part of a room
.dark part of a room
.dark part of a room
fountain
.dark part of a room
.dark part of a room
.dark part of a room
.dark part of a room
.dark part of a room
.dark part of a room
wall
unexplored area
unexplored area
unexplored area
unexplored area
unexplored area
unexplored area
unexplored area
unexplored area
unexplored area
unexplored area
unexplored area
unexplored area
wall
.dark part of a room
.dark part of a room
.dark part of a room
.dark part of a room
.dark part of a room
.dark part of a room
.dark part of a room
.dark part of a room
wall
stone
stone
stone
stone
stone
stone
stone
corridor
corridor
corridor
corridor
corridor
corridor
corridor
corridor
corridor
corridor
corridor
corridor
corridor
corridor
corridor
corridor
wall
>staircase down
.dark part of a room
.dark part of a room
.dark part of a room
.dark part of a room
.dark part of a room
.dark part of a room
wall
stone
stone
stone
stone
stone
stone
stone
stone
stone
stone
unexplored area
stone
stone
wall
.dark part of a room
.dark part of a room
.dark part of a room
.dark part of a room
.dark part of a room
.dark part of a room
.dark part of a room
.dark part of a room
.dark part of a room
.dark part of a room
wall
unexplored area
unexplored area
unexplored area
unexplored area
unexplored area
unexplored area
unexplored area
unexplored area
unexplored area
unexplored area
unexplored area
unexplored area
wall
.dark part of a room
.dark part of a room
.dark part of a room
.dark part of a room
.dark part of a room
.dark part of a room
.dark part of a room
.dark part of a room
.doorway
corridor
corridor
corridor
corridor
corridor
corridor
corridor
corridor
stone
stone
stone
stone
stone
stone
stone
stone
stone
stone
stone
stone
stone
stone
stone
wall
wall
wall
wall
wall
wall
wall
wall
wall
unexplored area
unexplored area
unexplored area
unexplored area
unexplored area
unexplored area
unexplored area
unexplored area
unexplored area
unexplored area
unexplored area
unexplored area
unexplored area
wall
wall
wall
wall
wall
wall
wall
wall
wall
wall
wall
wall
unexplored area
unexplored area
unexplored area
unexplored area
unexplored area
unexplored area
unexplored area
unexplored area
unexplored area
unexplored area
unexplored area
unexplored area
wall
.dark part of a room
.dark part of a room
.dark part of a room
.dark part of a room
.dark part of a room
.dark part of a room
.dark part of a room
.dark part of a room
wall
stone
stone
stone
stone
stone
stone
stone
stone
stone
unexplored area
unexplored area
unexplored area
unexplored area
unexplored area
unexplored area
unexplored area
unexplored area
unexplored area
unexplored area
unexplored area
unexplored area
unexplored area
unexplored area
unexplored area
unexplored area
unexplored area
unexplored area
unexplored area
unexplored area
unexplored area
unexplored area
unexplored area
unexplored area
unexplored area
unexplored area
unexplored area
unexplored area
unexplored area
unexplored area
unexplored area
unexplored area
unexplored area
unexplored area
unexplored area
unexplored area
unexplored area
unexplored area
unexplored area
unexplored area
unexplored area
unexplored area
unexplored area
unexplored area
unexplored area
unexplored area
unexplored area
unexplored area
unexplored area
unexplored area
unexplored area
unexplored area
unexplored area
unexplored area
unexplored area
unexplored area
unexplored area
unexplored area
unexplored area
unexplored area
wall
wall
wall
wall
wall
wall
wall
wall
wall
wall
unexplored area
unexplored area
unexplored area
unexplored area
unexplored area
unexplored area
unexplored area
unexplored area
unexplored area
unexplored area
unexplored area
unexplored area
unexplored area
unexplored area
unexplored area
unexplored area
unexplored area
unexplored area
unexplored area
unexplored area
unexplored area
unexplored area
unexplored area
unexplored area
unexplored area
unexplored area
unexplored area
unexplored area
unexplored area
unexplored area
unexplored area
unexplored area
unexplored area
unexplored area
unexplored area
unexplored area
unexplored area
unexplored area
unexplored area
unexplored area
unexplored area
unexplored area
unexplored area
unexplored area
unexplored area
unexplored area
unexplored area
unexplored area
unexplored area
unexplored area
unexplored area
unexplored area
unexplored area
unexplored area
unexplored area
unexplored area
unexplored area
unexplored area
unexplored area
unexplored area
unexplored area
unexplored area
unexplored area
unexplored area
unexplored area
unexplored area
unexplored area
unexplored area
unexplored area
unexplored area
unexplored area
unexplored area
unexplored area
unexplored area
unexplored area
unexplored area
unexplored area
unexplored area
unexplored area
unexplored area
unexplored area
unexplored area
unexplored area
unexplored area
unexplored area
unexplored area
unexplored area
unexplored area
unexplored area
unexplored area
unexplored area
unexplored area
unexplored area
unexplored area
unexplored area
unexplored area
unexplored area
unexplored area
unexplored area
unexplored area
unexplored area
unexplored area
unexplored area
unexplored area
unexplored area
unexplored area
unexplored area
unexplored area
unexplored area
unexplored area
unexplored area
unexplored area
unexplored area
unexplored area
unexplored area
unexplored area
unexplored area
unexplored area
unexplored area
unexplored area
unexplored area
unexplored area
unexplored area
unexplored area
unexplored area
unexplored area
unexplored area
unexplored area
unexplored area
unexplored area
unexplored area
unexplored area
unexplored area
unexplored area
unexplored area
unexplored area
unexplored area
unexplored area
unexplored area
unexplored area
unexplored area
unexplored area
unexplored area
unexplored area
unexplored area
unexplored area
unexplored area
unexplored area
unexplored area
unexplored area
unexplored area
unexplored area
unexplored area
unexplored area
unexplored area
unexplored area
unexplored area
unexplored area
unexplored area
unexplored area
unexplored area
unexplored area
unexplored area
unexplored area
unexplored area
unexplored area
unexplored area
unexplored area
unexplored area
unexplored area
unexplored area
unexplored area
unexplored area
unexplored area
unexplored area
unexplored area
unexplored area
unexplored area
unexplored area
unexplored area
unexplored area
unexplored area
unexplored area
unexplored area
unexplored area
unexplored area
unexplored area
unexplored area
unexplored area
unexplored area
unexplored area
unexplored area
unexplored area
unexplored area
unexplored area
unexplored area
unexplored area
unexplored area
unexplored area
unexplored area
unexplored area
unexplored area
unexplored area
unexplored area
unexplored area
unexplored area
unexplored area
unexplored area
unexplored area
unexplored area
unexplored area
unexplored area
unexplored area
unexplored area
unexplored area
unexplored area
unexplored area
unexplored area
unexplored area
unexplored area
unexplored area
[Kontroller the Sergeant ] St:18/16 Dx:11 Co:15 In:9 Wi:15 Ch:18 Lawful S:173309 Dlvl:25 $:1242 HP:0(94) Pw:69(69) AC:-15 Xp:11/12300 T:23240 Satiated Burdened Blind

Latest messages:

The barbed devil hits!
The barbed devil just misses!
The barbed devil misses!
The carnivorous ape misses!
The carnivorous ape hits!
It hits!
The yellow dragon bites!
The yellow dragon hits!
The yellow dragon hits!
The yellow dragon knocks you back with a powerful blow!
You bump into a displacer beast.
The barbed devil hits!
The barbed devil hits!
The barbed devil stings!
What do you want to zap? [cglnr-wzAC-GILNOQSU-Z or ?*] X
Nothing happens.
The displacer beast hits!
The displacer beast hits!
The displacer beast misses!
The barbed devil misses!
The barbed devil misses!
The barbed devil stings!
The carnivorous ape hits!
The carnivorous ape hits!
The carnivorous ape grabs you!
The yellow dragon bites!
The yellow dragon misses!
The yellow dragon misses!
The invisible demilich just misses!
The invisible demilich casts a spell!
What do you want to zap? [cglnr-wzAC-GILNOQSU-Z or ?*] w
In what direction? >
You dig a hole through the floor.
The barbed devil hits!
The barbed devil hits!
The barbed devil stings!
You are being held, and cannot go down.
The displacer beast hits!
The displacer beast misses!
The displacer beast misses!
The barbed devil hits!
The barbed devil hits!
The barbed devil stings!
The carnivorous ape hits!
The carnivorous ape hits!
You are being crushed.
It hits!
You die...
Do you want your possessions identified? [ynq] (y) y
Do you want to see your attributes? [ynq] (y) q

Inventory:

Coins

$ - 1242 gold pieces

Amulets

P - an uncursed amulet of reflection (being worn)

Weapons

a - the blessed rustproof +1 Excalibur (weapon in hand)
b - the thoroughly rusty +0 Frost Brand (alternate weapon; not wielded)

Armor

d - an uncursed +0 dwarvish iron helm (being worn)
f - an uncursed +0 pair of leather gloves (being worn)
q - an uncursed +0 pair of speed boots (being worn)
e - an uncursed burnt +0 small shield (being worn)
B - an uncursed +0 alchemy smock with text "If we weren't meant to eat animals, why are they made out of meat?" (being worn)
i - an uncursed +0 Hawaiian shirt with a hibiscus flower motif (being worn)
T - a blessed greased +3 gray dragon scale mail (being worn)

Comestibles

m - an uncursed sprig of wolfsbane
p - an uncursed lizard corpse

Wands

t - a wand of cancellation (0:7)
E - a wand of cancellation (0:3)
r - a wand of cancellation (0:2)
G - a wand of cold (0:4)
A - a wand of digging (0:7)
w - a wand of digging (0:2)
C - a wand of digging (0:1)
l - a wand of fire (0:6)
D - a blessed wand of light (0:12)
V - a wand of lightning (0:7)
u - a wand of locking (0:7)
L - a wand of magic missile (0:5)
Q - a wand of magic missile (0:5)
I - a wand of magic missile (0:4)
z - a wand of nothing (0:6)
g - a wand of opening (0:8)
F - a wand of polymorph (0:7)
Y - a wand of polymorph (0:7)
v - a cursed wand of polymorph (0:3)
O - a wand of sleep (0:5)
N - a wand of sleep (0:3)
c - a wand of slow monster (0:5)
S - a wand of striking (0:5)
W - a wand of striking (0:5)
U - a wand of striking (0:3)
s - a wand of striking (0:0)
Z - a wand of striking (0:0)
X - a wand of teleportation (0:0)
n - a wand of undead turning (0:7)

Tools

k - a blessed greased bag of holding containing 106 items
K - an uncursed magic lamp (lit)
R - an uncursed magic whistle
J - an uncursed skeleton key
o - an uncursed stethoscope
M - an uncursed towel (being worn)
j - a +0 unicorn horn

Gems/Stones

y - a blessed luckstone
x - a blessed touchstone

Contents of the bag of holding:

2449 gold pieces
a cursed amulet of change
an uncursed amulet of ESP
an uncursed amulet of ESP
an uncursed amulet of magical breathing
11 blessed +2 darts
9 blessed +1 darts
27 +0 darts
the rustproof +0 Snickersnee
a blessed +1 lance
an uncursed +0 helmet
a blessed +0 pair of elven boots
an uncursed +0 pair of elven boots
an uncursed +0 alchemy smock with text "Kiss the cook"
12 uncursed food rations
5 uncursed lumps of royal jelly
2 uncursed sprigs of wolfsbane
an uncursed tin of nurse meat
an uncursed lizard corpse
3 uncursed lizard corpses
an uncursed scroll of amnesia
a cursed scroll of amnesia
2 uncursed scrolls of blank paper
an uncursed scroll of confuse monster
a cursed scroll of confuse monster
3 cursed scrolls of create monster
2 uncursed scrolls of earth
2 uncursed scrolls of enchant armor
a cursed scroll of enchant armor
3 uncursed scrolls of enchant weapon
an uncursed scroll of fire
an uncursed scroll of food detection
an uncursed scroll of food detection
a blessed scroll of genocide
a blessed scroll of gold detection
an uncursed scroll of identify
7 uncursed scrolls of magic mapping
a cursed scroll of magic mapping
5 cursed scrolls of magic mapping
2 uncursed scrolls of remove curse
an uncursed scroll of stinking cloud
an uncursed scroll of taming
a blessed scroll of teleportation
2 uncursed scrolls of teleportation
2 uncursed scrolls of teleportation
an uncursed spellbook of create monster
6 uncursed potions of booze
a blessed potion of confusion
an uncursed potion of confusion
an uncursed potion of enlightenment
4 uncursed potions of extra healing
4 uncursed potions of fruit juice
a cursed potion of fruit juice
an uncursed potion of full healing
4 uncursed potions of gain ability
a cursed potion of gain ability
an uncursed potion of gain level
2 blessed potions of hallucination
4 uncursed potions of hallucination
a cursed potion of hallucination
a cursed potion of hallucination
3 uncursed potions of healing
2 cursed potions of healing
a blessed potion of levitation
an uncursed potion of object detection
2 cursed potions of paralysis
2 uncursed potions of restore ability
2 uncursed potions of see invisible
2 uncursed potions of sickness
an uncursed potion of speed
2 cursed potions of speed
9 potions of holy water
a blessed +2 ring of adornment
an uncursed +1 ring of adornment
a cursed ring of aggravate monster
an uncursed ring of cold resistance
an uncursed ring of free action
an uncursed +1 ring of gain strength
a cursed +3 ring of increase accuracy
a cursed ring of polymorph
a cursed ring of polymorph
an uncursed +1 ring of protection
an uncursed ring of protection from shape changers
an uncursed ring of regeneration
an uncursed ring of searching
an uncursed ring of see invisible
an uncursed ring of shock resistance
a wand of wishing (0:0)
an uncursed bugle
an uncursed magic lamp
an uncursed magic lamp
a blessed magic marker (0:0)
a +0 pick-axe
an uncursed amethyst stone
an uncursed chrysoberyl stone
an uncursed citrine stone
an uncursed diamond
an uncursed dilithium crystal
an uncursed emerald
an uncursed garnet stone
an uncursed jasper stone
an uncursed jet stone
an uncursed ruby
an uncursed topaz stone
an uncursed turquoise stone
an uncursed touchstone

Kontroller the Knight's attributes:


Background:

You were a Sergeant, a level 11 male human Knight.
You were lawful, on a mission for Lugh
who was opposed by Brigit (neutral) and Manannan Mac Lir (chaotic).
You were in the Dungeons of Doom, on level 25.
You entered the dungeon 23240 turns ago.
You had 12300 experience points, 7700 more were needed to attain level 12.
Your score was 173309 before end-of-game adjustments.

Basics:

You had 0 out of 94 hit points.
You had all 69 energy points (spell power).
Your armor class was -15.
Your wallet contained 1242 zorkmids, and
you had 2449 more stashed away in your pack.
Autopickup was off.

FinalCharacteristics:

Your strength was 18/16 (limit:18/100).
Your dexterity was 11 (limit:18).
Your constitution was 15 (limit:18).
Your intelligence was 9 (limit:18).
Your wisdom was 15 (limit:18).
Your charisma was 18 (limit:18).

Final Status:

You were deliberately blind.
You were held by a carnivorous ape (northeast).
You were satiated.
You were burdened; movement was slightly slowed.
You were wielding a long sword.
You were skilled in long sword.

Final Attributes:

You were piously aligned.
You were magic-protected.
You were fire resistant.
You were sleep resistant.
You were poison resistant.
You were acid resistant.
Your items were protected from acid.
You were level-drain resistant.
You were telepathic.
You had automatic searching.
You could jump.
You had a moderate defense bonus (+8).
You were warded.
You were very fast.
You had reflection.
You were extremely lucky.
You had extra luck.
Good luck did not time out for you.
You are dead.

Miscellaneous:
You encountered 2 bones levels.
Total elapsed playing time was 7 hours and 13 seconds.

Major events:

Turn

1: Kontroller the lawful male human Knight entered the dungeon
1099: attained the rank of Esquire (level 3)
1648: endured an absurd aquatic ceremony, and now wields Excalibur
1836: entered the Gnomish Mines
1934: destroyed tr0pic's ghost, the former Rambler
2062: made his first wish - "blessed fixed greased +3 gray dragon scale mail", got "a greased gray dragon scale mail"
2249: reached Mine Town
2259: attained the rank of Bachelor (level 6)
2394: wished for "blessed fixed greased bag of holding", got "a greased bag"
3421: destroyed tr0pic's ghost, the former Excursionist
4596: acquired the Mines' End luckstone
6130: was bestowed with Snickersnee by Lugh
6504: entered Sokoban
6821: completed 1st Sokoban level
7444: completed 2nd Sokoban level
7772: completed 3rd Sokoban level
8594: completed 4th Sokoban level
8678: attained the rank of Sergeant (level 10)
8729: acquired the Sokoban amulet of reflection
10279: performed his first genocide (green slimes)
14235: found Frost Brand on the floor
22401: genocided class h
23240: killed by a clay golem

Vanquished creatures:

a gold dragon
a yellow dragon
a baluchitherium
a stone golem
a genetic engineer
a vampire leader
a clay golem
2 nurses
a lurker above
5 black puddings
5 vampires
7 ghosts
2 queen bees
3 winged gargoyles
2 mind flayers
2 giant mimics
2 long worms
a zruty
4 ogre tyrants
5 ice trolls
a rock troll
2 umber hulks
4 flesh golems
an elven monarch
a bone devil
2 large mimics
a wumpus
3 stalkers
a water elemental
a hill giant
a black naga
2 giant zombies
a barbed devil
5 wargs
a winter wolf
6 small mimics
2 warhorses
2 xans
an ettin mummy
3 ogre leaders
4 quantum mechanics
17 trolls
a sasquatch
a wood golem
3 gelatinous cubes
3 large dogs
2 freezing spheres
a flaming sphere
a shocking sphere
a large cat
a gargoyle
a dwarf ruler
a tengu
4 ochre jellies
3 leocrottas
an energy vortex
2 mountain centaurs
an elf mummy
2 human mummies
a red naga
3 pythons
11 wraiths
3 carnivorous apes
3 ettin zombies
a Grey-elf
2 amorous demons
2 chameleons
a crocodile
5 giant beetles
a quivering blob
4 cockatrices
3 wolves
a winter wolf cub
5 gremlins
a spotted jelly
38 leprechauns
2 iron piercers
3 mumakil
17 giant spiders
a scorpion
2 horses
a black light
6 vampire bats
5 forest centaurs
6 gnome rulers
3 dwarf mummies
3 ogres
a rust monster
2 owlbears
2 yetis
a gold golem
3 werewolves
6 Green-elves
9 lizards
4 chickatrices
a dog
4 jaguars
a blue jelly
a gray unicorn
a black unicorn
5 dust vortices
a raven
4 plains centaurs
a gnome mummy
2 snakes
4 apes
2 human zombies
3 rope golems
11 Woodland-elves
2 soldier ants
21 fire ants
13 bugbears
3 imps
a quasit
a wood nymph
a water nymph
4 mountain nymphs
an Uruk-hai
3 orc shamans
4 rock piercers
4 rock moles
a woodchuck
2 ponies
4 fog clouds
12 yellow lights
a shrieker
2 violet fungi
19 gnome leaders
10 gnomish wizards
2 kobold mummies
a black naga hatchling
3 gray oozes
a barrow wight
an elf zombie
4 ghouls
a straw golem
a paper golem
4 giant ants
3 little dogs
7 floating eyes
5 kittens
7 dwarves
2 homunculi
a kobold leader
a kobold shaman
12 hill orcs
9 rothes
3 rabid rats
3 centipedes
5 giant bats
3 monkeys
2 orc zombies
7 dwarf zombies
a wererat
6 werejackals
8 iguanas
30 killer bees
2 acid blobs
6 coyotes
2 hobbits
13 manes
a large kobold
11 hobgoblins
6 giant rats
6 cave spiders
2 brown molds
3 yellow molds
2 red molds
65 gnomes
11 garter snakes
5 gnome zombies
7 geckos
5 jackals
3 kobolds
a goblin
4 sewer rats
11 grid bugs
8 bats
8 lichens
a kobold zombie
7 newts
774 creatures vanquished.

Genocided species:

hobbits
dwarves
bugbears
dwarf leaders
dwarf rulers
mind flayers
master mind flayers
green slimes
8 species genocided.

Voluntary challenges:

You read items or engraved 51 times.
You never engraved Elbereth.
You genocided 8 types of monsters.
You never polymorphed an object.
You never changed form.
You used 2 wishes.
You did not wish for any artifacts.
You did not violate any of the special Sokoban rules.

Achievements:

You entered a shop.
You attained the rank of Esquire.
You entered the Gnomish Mines.
You entered Minetown.
You attained the rank of Bachelor.
You entered a temple.
You completed the Gnomish Mines.
You entered Sokoban.
You attained the rank of Sergeant.
You completed Sokoban.

The Dungeons of Doom: levels 1 to 25

   Level 1:
A sink.
Level 2:
Level 3:
Many fountains.
Level 4:
A bookstore, an altar to Lugh.
Stairs down to The Gnomish Mines.
Level 5:
A general store.
Level 6:
Many fountains.
Oracle of Delphi.
Level 7:
A fountain.
Stairs up to Sokoban, level 6.
Level 8: "saddle"
Level 9:
Some fountains.
Level 10:
Some fountains, a sink.
Level 11:
A temple, a fountain.
Level 12:
A sink.
Level 13:
Summoned by King Arthur.
Level 14:
Level 15:
A fountain.
Level 16:
Level 17:
A primitive area.
Level 18:
Level 19:
A grave.
Level 20:
A fountain.
Level 21:
An altar to Lugh.
Level 22:
Some fountains.
Level 23:
A fountain.
Level 24:
Many altars to Lugh, a grave.
Level 25: <- You were here.
A fountain, many graves.
Final resting place for
you, killed by a clay golem.

The Gnomish Mines: levels 5 to 13

   Level 5:
A grave.
Final resting place for
tr0pic-Tou-Hum-Mal-Neu, killed by a gnome.
Level 6:
Level 7:
Many shops, a temple, some fountains.
Level 8:
Level 9:
Level 10:
A grave.
Final resting place for
tr0pic-Tou-Hum-Mal-Neu, killed by a crossbow bolt.
Level 11: "sddle"
Level 12:
Level 13:
A fountain.

Sokoban: levels 6 up to 3

   Level 3:
Solved.
Level 4:
Solved.
Level 5:
Solved.
Level 6:
Solved.

Game over:

----------
/ \
/ REST \
/ IN \
/ PEACE \
/ \
| Kontroller |
| 3691 Au |
| killed by a clay |
| golem |
| |
| |
| 2023 |
*| * * * | *
_________)/\\_//(\/(/\)/\//\/|_)_______

Fare thee well Kontroller the Knight...


You died in The Dungeons of Doom on dungeon level 25 with 172940 points,
and 3691 pieces of gold, after 23240 moves.
You were level 11 with a maximum of 94 hit points when you died.